AoeStats
← 清远华

Arena

510725701Analyzed
4v4 RM · 1d ago on Oct 2, 2026· 21m 37s· 8 players
Game mode
Random Map
Map size
Large (8 player)
Population
200
Speed
Normal
Resources
Standard
Victory
Conquest
Starting age
Dark Age
Ending age
Imperial Age
RankedLock teamsTeams togetherTeam positionsShared explorationLock speedFull tech treeHidden civsTurbo modeCheats
Victory
Defeat
🇫🇷 Armenians · France
2181
+2
🇮🇹 Goths · Italy
2179
+2
🇲🇦 Romans · Morocco
2142
+2
🇨🇳 Burgundians · China
1876
+7
🇻🇳 Turks · Vietnam
1835
-6
🇨🇳 Magyars · China
1699
-3
🇨🇳 Italians · China
1696
-3
🇬🇧 Aztecs · United Kingdom
1555
-1
OS+ | VoNDutcH
10:24 Feudal Age
10:35 Man-at-Arms
11:02 Double-Bit Axe
11:24 Horse Collar
15:03 Scale Mail Armor
15:13 Forging
< blank >
3:16 Double-Bit Axe
5:42 Horse Collar
10:27 Feudal Age
11:30 Bow Saw
14:03 Castle Age
12:38 Heavy Plow
16:41 Two-Man Saw
22:01 Wheelbarrow
21:43 Gold Mining
OS+ | TeMo
8:52 Feudal Age
12:29 Castle Age
10:55 Double-Bit Axe
11:32 Gold Mining
15:38 Loom
18:43 Coinage
OS+ | NeoZz
9:36 Feudal Age
13:11 Castle Age
11:10 Double-Bit Axe
11:22 Horse Collar
12:41 Gold Mining
15:17 Sanctity
15:40 Fervor
16:32 Loom
17:23 Wheelbarrow
18:51 Bow Saw
20:40 Redemption
20:59 Scale Mail Armor
22:03 Chain Mail Armor
21:59 Forging
AJC
10:34 Feudal Age
15:05 Castle Age
13:25 Double-Bit Axe
13:20 Horse Collar
13:34 Horse Collar
16:08 Bow Saw
15:58 Heavy Plow
20:18 Loom
21:09 Wheelbarrow
清远华
9:52 Feudal Age
11:20 Double-Bit Axe
14:05 Castle Age
12:02 Horse Collar
15:26 Bow Saw
只想躺赢
11:01 Feudal Age
11:49 Double-Bit Axe
14:38 Castle Age
13:16 Horse Collar
15:53 Wheelbarrow
20:47 Bow Saw
20:38 Town Watch
21:16 Gold Mining
22:04 Heavy Plow
Ngoam_____
10:51 Feudal Age
14:42 Castle Age
12:28 Double-Bit Axe
12:52 Horse Collar
14:49 Loom
Connection lost

Rejoining the realm…

Still unreachable

The connection could not be restored.

Session expired

The server has moved on; the page needs a fresh start.